 Dungeon Crawl Stone Soup version 0.28.0-53-g5a82cb258f (webtiles) character file.

Game seed: 12790031634420761066

5828 pkoi the Firebug (level 10, -6/77 HPs)
             Began as a Demigod Fire Elementalist on June 3, 2022.
             Killed from afar by a smoke demon (13 damage)
             ... with a ball of steam
             ... on level 10 of the Dungeon.
             The game lasted 00:19:17 (14236 turns).

pkoi the Firebug (Demigod Fire Elementalist)       Turns: 14236, Time: 00:19:17

Health: -6/77      AC:  5    Str:  9    XL:     10   Next: 27%
Magic:  5/21       EV: 19    Int: 29    God:
Gold:   229        SH:  0    Dex: 24    Spells: 9/19 levels left

rFire   . . .      SeeInvis .   s - staff of poison
rCold   . . .      Faith    .   (no shield)
rNeg    . . .      Spirit   .   a - +0 robe
rPois   +          Reflect  .   (no helmet)
rElec   .          Harm     .   l - +1 cloak
rCorr   .          Rampage  .   (no gloves)
Will    +....                   L - +0 pair of boots of the Big Bang {Dex+10}
Stlth   +++.......              (no amulet)
HPRegen 0.22/turn               b - ring of wizardry
MPRegen 0.17/turn               m - +4 ring of evasion

@: no status effects
A: high MP 1, forlorn, divine attributes
a: no special abilities


You were on level 10 of the Dungeon.
You visited 2 branches of the dungeon, and saw 11 of its levels.

You collected 651 gold pieces.
You spent 422 gold pieces at shops.

Inventory:

Hand Weapons
 d - a +0 dagger
 o - a +4 whip
Missiles
 I - a throwing net
 M - a curare-tipped dart
Armour
 a - a +0 robe (worn)
 l - a +1 cloak (worn)
 L - the +0 pair of boots of the Big Bang (worn) {Dex+10}
   (You bought it in a shop on level 6 of the Dungeon)

   Dex:       It affects your dexterity (+10).
Magical Staves
 s - a staff of poison (weapon)
Jewellery
 b - a ring of wizardry (left hand)
 m - a +4 ring of evasion (right hand)
 r - a ring of poison resistance
 t - a ring of fire
 w - a ring of flight
 x - a ring of positive energy
 J - an amulet of guardian spirit
 K - a ring of willpower
 O - a ring of ice
Wands
 c - a wand of acid (4)
 p - a wand of mindburst (10)
 y - a wand of iceblast (15)
 D - a wand of flame (14)
 N - a wand of digging (1)
Scrolls
 e - a scroll of enchant armour
 j - a scroll of enchant weapon
 k - a scroll of fog
 v - 6 scrolls of teleportation
 A - a scroll of fear
 F - a scroll of silence
 G - a scroll of magic mapping
 P - a scroll of identify
Potions
 f - 2 potions of attraction {unknown}
 g - a potion of cancellation
 h - a potion of might
 i - a potion of brilliance
 n - a potion of resistance
 q - 5 potions of curing {unknown}
 u - a potion of berserk rage
 z - 2 potions of flight {unknown}
 B - 2 potions of mutation {unknown}
 C - 3 potions of invisibility {unknown}
 E - a potion of heal wounds
 H - a potion of haste {unknown}


   Skills:
 + Level 3.5 Fighting
 - Level 4.0 Armour
 + Level 4.3 Dodging
 + Level 2.8 Stealth
 + Level 5.0 Spellcasting
 + Level 5.3 Conjurations
 - Level 3.0 Hexes
 - Level 3.0 Translocations
 + Level 7.5 Fire Magic
 - Level 3.0 Air Magic
 - Level 3.0 Poison Magic
 - Level 3.0 Evocations


You had 9 spell levels left.
You knew the following spells:

 Your Spells              Type           Power      Damage    Failure   Level
a - Foxfire               Conj/Fire      100%       2x1d9     1%          1
b - Scorch                Fire           100%       2d10      1%          2
c - Poisonous Vapours     Pois/Air       74%        N/A       1%          2
d - Inner Flame           Hex/Fire       37%        N/A       1%          3
e - Blink                 Tloc           48%        N/A       1%          2

Your spell library contained the following spells:

 Spells                   Type           Power      Damage    Failure   Level
 Apportation              Tloc           48%        N/A       1%          1
 Corpse Rot               Necr/Air       32%        N/A       1%          2
 Conjure Flame            Conj/Fire      44%        6-21      1%          3
 Flame Wave               Conj/Fire      44%        2d10      1%          4
 Freeze                   Ice            28%        1d5       2%          1
 Gell's Gravitas          Tloc           24%        N/A       2%          3
 Lesser Beckoning         Tloc           24%        N/A       2%          3
 Teleport Other           Tloc           24%        N/A       2%          3
 Frozen Ramparts          Ice            14%        1d3       8%          3
 Hailstorm                Conj/Ice       22%        3d7       9%          4
 Manifold Assault         Tloc           24%        N/A       21%         5
 Animate Dead             Necr           3%         N/A       24%         4
 Alistair's Intoxication  Tmut/Pois      16%        N/A       34%         5
 Dispersal                Tloc           12%        N/A       69%         6
 Summon Cactus Giant      Summ           3%         N/A       97%         6
 Haunt                    Necr/Summ      3%         N/A       100%        7
 Infestation              Necr           3%         N/A       100%        8


Dungeon Overview and Level Annotations

Branches:
Dungeon (10/15)            Temple (1/1) D:5
   Lair: D:8-11         Orc: D:9-12

Shops:
D:6 [   D:9 [


Innate Abilities, Weirdness & Mutations

You have an increased reservoir of magic. (+10% MP)
You shall have no god before yourself.
Your divine heritage dramatically boosts your attributes as you level up.


Message History

The smoke demon hits you but does no damage.
The smoke demon barely misses you.
Unknown command.
The smoke demon hits you.
* * * LOW HITPOINT WARNING * * *
The smoke demon closely misses you.
The smoke demon hits you but does no damage.
The smoke demon hits you but does no damage.
The smoke demon completely misses you. The smoke demon misses you.
The boulder beetle hits you but does no damage.
The boulder beetle stops rolling and uncurls.
The smoke demon misses you. x2
The smoke demon hits you but does no damage.
The smoke demon gestures at you. Something smites you!
* * * LOW HITPOINT WARNING * * *
The boulder beetle leaps!
The boulder beetle is no longer more vulnerable to fire.
The smoke demon gestures at you. The ball of steam misses you.
Unknown command.
A smoke demon comes into view.
The smoke demon roars!
You kill the boulder beetle!
Your Spellcasting skill increases to level 5!
Found 21 stones.
The smoke demon gestures at you. Something smites you!
* * * LOW HITPOINT WARNING * * *
A fire bat comes into view.
The smoke demon gestures at you. The sticky flame misses you.
The smoke demon is no longer more vulnerable to fire.
The smoke demon gestures at you. The ball of steam hits you!!
* * * LOW HITPOINT WARNING * * *
There is an escape hatch in the ceiling here.
The smoke demon gestures at you. The ball of steam hits you!
You die...

##### ##...## ##.....##
#.......# #.......#
#.......# ####### ###
##.....### #...... #.##
##...@...#######...... #..#
#...§.................
.####..#
#...§......###########
...#..#####..§.....#....# #
#.#...##....§....#####..##..
# #.3...####.3...#.#
......## ##.##.#####.####.#
##...#. #.##...###..###..
#..... #..3.#§.###..###.#
#..


There were no monsters in sight!

Vanquished Creatures
  2 boulder beetles
  Pikel (D:9)
  A cyclops (D:6)
  A troll (D:9)
  A hornet (D:8)
  A wyvern (D:9)
  3 vampire mosquitoes (D:10)
  2 water moccasins (D:7)
  An acid dragon (D:9)
  2 orc warriors
  A black bear (D:5)
  2 ogres (D:6)
  4 centaurs
  A kobold brigand (D:8)
  2 phantoms
  2 bullfrogs
  A water moccasin zombie (D:6)
  3 scorpions
  6 killer bees
  3 wights (D:8)
  A howler monkey (D:5)
  A bullfrog zombie (D:6)
  2 hounds
  A centaur zombie (D:5)
  3 jellies
  Crazy Yiuf (D:2)
  2 centaur skeletons
  An orc priest (D:8)
  4 iguanas
  5 orc wizards
  A killer bee zombie (D:8)
  2 howler monkey zombies
  6 gnolls
  7 adders
  A worm (D:2)
  3 dart slugs
  19 orcs
  7 ball pythons
  8 endoplasms
  4 giant cockroaches
  3 hobgoblins
  2 jackals (D:2)
  2 quokkas
  10 bats
  3 frilled lizards
  5 goblins
  9 kobolds
  4 rats
157 creatures vanquished.

Vanquished Creatures (others)
  486 foxfires
486 creatures vanquished.

Grand Total: 643 creatures vanquished

Notes
Turn   | Place    | Note
-------+----------+-------------------------------------------
     0 | D:1      | pkoi the Demigod Fire Elementalist began the quest for the
                  | Orb.
     0 | D:1      | Reached XP level 1. HP: 14/14 MP: 5/5
     0 | D:1      | Noticed a shadow dragon
     0 | D:1      | Noticed an orb of fire
     1 | D:1      | Noticed a large abomination
     4 | D:1      | Noticed a purple draconian
     4 | D:1      | Noticed an iron dragon
     6 | D:1      | Noticed an ice dragon
     7 | D:1      | Noticed a shadow dragon
     8 | D:1      | Noticed a green draconian
     9 | D:1      | Noticed an orb of fire
    11 | D:1      | Noticed a green draconian
    14 | D:1      | Noticed a tentacled monstrosity
    16 | D:1      | Noticed an iron dragon
    16 | D:1      | Noticed an ice dragon
    16 | D:1      | Noticed an iron dragon
    18 | D:1      | Noticed a tentacled monstrosity
    18 | D:1      | Noticed an iron dragon
    20 | D:1      | Noticed a tentacled monstrosity
    20 | D:1      | Noticed a tentacled monstrosity
    45 | D:1      | Reached skill level 1 in Conjurations
   877 | D:1      | Reached XP level 2. HP: 20/20 MP: 4/7
  1192 | D:1      | Reached skill level 3 in Fire Magic
  1282 | D:1      | Learned a level 2 spell: Scorch
  1562 | D:2      | Learned a level 2 spell: Poisonous Vapours
  1777 | D:2      | Found a runed translucent door.
  1778 | D:2      | Noticed Crazy Yiuf
  1817 | D:2      | Noticed a scorpion
  1824 | D:2      | Killed a scorpion
  1825 | D:2      | Reached XP level 3. HP: 26/26 MP: 3/9
  1828 | D:2      | Reached skill level 1 in Air Magic
  1828 | D:2      | Reached skill level 1 in Poison Magic
  1828 | D:2      | Reached XP level 4. HP: 33/33 MP: 1/10
  2533 | D:2      | Killed Crazy Yiuf
  2642 | D:3      | Learned a level 3 spell: Inner Flame
  2688 | D:3      | Noticed a phantom
  2697 | D:3      | Killed a phantom
  2698 | D:3      | Reached XP level 5. HP: 38/38 MP: 2/12
  3649 | D:4      | Reached XP level 6. HP: 45/45 MP: 5/13
  4424 | D:4      | Reached skill level 4 in Fire Magic
  4700 | D:4      | You fall into a shaft and drop 3 floors!
  4941 | D:7      | Reached XP level 7. HP: 50/50 MP: 8/14
  5154 | D:7      | Noticed a boulder beetle
  5180 | D:7      | Reached skill level 5 in Fire Magic
  5199 | D:7      | Reached skill level 6 in Fire Magic
  5467 | D:6      | Found Hoiloora's Armour Shop.
  5482 | D:5      | Entered Level 5 of the Dungeon
  6037 | D:5      | Reached skill level 1 in Fighting
  6037 | D:5      | Reached skill level 1 in Armour
  6736 | D:5      | Found a staircase to the Ecumenical Temple.
  6751 | Temple   | Entered the Ecumenical Temple
  8084 | D:6      | Reached skill level 1 in Evocations
  8279 | D:6      | Reached XP level 8. HP: 59/59 MP: 9/15
  9126 | D:6      | Noticed a cyclops
  9135 | D:6      | Noticed a two-headed ogre
  9293 | D:5      | Learned a level 2 spell: Blink
  9460 | D:6      | Killed a cyclops
  9461 | D:6      | Reached skill level 1 in Hexes
  9461 | D:6      | Reached skill level 1 in Translocations
 10379 | D:7      | Killed a boulder beetle
 10380 | D:7      | Reached XP level 9. HP: 68/69 MP: 9/16
 12773 | D:9      | Noticed Pikel
 12781 | D:9      | Killed Pikel
 12782 | D:9      | Reached skill level 7 in Fire Magic
 13216 | D:9      | Found Byorheuff's Antique Armour Emporium.
 13397 | D:9      | Reached skill level 5 in Conjurations
 13397 | D:9      | Reached XP level 10. HP: 77/77 MP: 13/20
 13712 | D:6      | Bought the +0 pair of boots of the Big Bang {Dex+10} for
                  | 422 gold pieces
 13782 | D:10     | Entered Level 10 of the Dungeon
 14196 | D:10     | Noticed a boulder beetle
 14209 | D:10     | Noticed a smoke demon
 14218 | D:10     | Noticed a smoke demon
 14218 | D:10     | Killed a boulder beetle
 14219 | D:10     | Reached skill level 5 in Spellcasting
 14236 | D:10     | Killed from afar by a smoke demon

Illustrated notes

Levels and vault maps discovered:
D:1:      shiori_arrival_whats_in_store_for_you, layout_basic,
          minmay_pentomino_q4
D:2:      layout_loops_cross, uniq_crazy_yiuf_cottage
D:3:      layout_loops_ring
D:4:      layout_layer_cave, grunt_temple_overflow_bloody_war, feat_on_display
D:5:      layout_layer_cave, minmay_temple_entry_offerings
D:6:      layout_basic, old_standard_altar,
          chequers_temple_overflow_statue_of_worship, serial_shops,
          nicolae_stop_n_shop_1, minmay_joined_circles
D:7:      layout_basic
D:8:      layout_layer_cave
D:9:      layout_stronghold, mainiacjoe_overflow_boulevard, serial_shops,
          kennysheep_little_box, roderic_lattice_a, uniq_pikel
D:10:     minmay_firetagon, layout_rooms
Temple:   regret_index_temple_generic_petals

Skill      XL: |  1  2  3  4  5  6  7  8  9 10 |
---------------+-------------------------------+-----
Conjurations   | 1 2 3 5 |  5.3
Spellcasting   | 2 3 4 5 |  5.0
Fire Magic     | 3 4 6 7 |  7.5
Air Magic      | 1 2 3 |  3.0
Poison Magic   | 1 2 3 |  3.0
Dodging        | 2 4 |  4.3
Fighting       | 1 3 |  3.5
Armour         | 1 4 |  4.0
Evocations     | 1 3 |  3.0
Hexes          | 3 |  3.0
Translocations | 3 |  3.0
Stealth        | 2 |  2.8

Action                   |  1- 3 |  4- 6 |  7- 9 | 10-12 || total
-------------------------+-------+-------+-------+-------++-------
Melee: Whip              |       |     4 |     4 |       ||     8
       Staff             |       |       |    14 |       ||    14
 Cast: Foxfire           |    48 |    83 |   137 |    13 ||   281
       Scorch            |     2 |    36 |    51 |    18 ||   107
       Poisonous Vapours |       |       |    14 |     3 ||    17
       Inner Flame       |       |       |    20 |     1 ||    21
Evoke: Wand              |       |       |     4 |       ||     4
  Use: Scroll            |       |     5 |    14 |       ||    19
       Potion            |       |       |     1 |       ||     1
Armor: Robe              |     1 |     5 |    18 |     5 ||    29
Dodge: Dodged            |    15 |    32 |   103 |    25 ||   175
